 Dungeon Crawl Stone Soup version 0.17-a0-1705-gb8832cf (webtiles) character file.

819 Skarn the Shield-Bearer (level 7, 0/61 HPs)
             Began as a Minotaur Fighter on Aug 21, 2015.
             Was a Follower of the Shining One.
             Slain by an iguana (8 damage)
             ... on level 6 of the Dungeon.
             The game lasted 00:27:48 (2367 turns).

Skarn the Shield-Bearer (Minotaur Fighter)          Turns: 2367, Time: 00:27:48

Health: 0/61       AC: 15    Str: 22    XL:     7   Next: 63%
Magic:  6/6        EV:  7    Int:  5    God:    the Shining One [*.....]
Gold:   71         SH: 10    Dex: 10    Spells: 1 memorised, 3 levels left

rFire  . . .     SeeInvis .     a - +0 long sword
rCold  . . .     Clarity  .     D - +0 chain mail
rNeg   . . .     SustAt   .     c - +0 shield
rPois  .         Gourm    .     t - +0 hat
rElec  .         Spirit   .     g - +0 cloak
rCorr  .         Warding  .     b - +0 pair of gloves
rMut   .         Stasis   .     G - +2 pair of boots
MR     .....                    (no amulet)
Stlth  ..........               (no ring)
                                (no ring)

@: lethally poisoned (0 -> -1), glowing, not resistant to hostile enchantments,
extremely unstealthy
A: retaliatory headbutt, horns 2
a: Renounce Religion


You were on level 6 of the Dungeon.
You worshipped the Shining One.
The Shining One was aware of your devotion.
You were hungry.

You visited 1 branch of the dungeon, and saw 6 of its levels.

You collected 251 gold pieces.
You spent 180 gold pieces at shops.

Inventory:

Hand weapons
 a - a +0 long sword (weapon)
 j - a +0 whip
 n - a +0 whip
 C - a +2 whip of freezing
 F - a +0 hunting sling
 K - the +4 rapier "Serym" {drain, Str-2 Int+2 Dex+4}
   (You bought it in a shop on level 6 of the Dungeon)

   A truly terrible weapon, it drains the life of those it strikes.
   It affects your strength (-2).
   It affects your intelligence (+2).
   It affects your dexterity (+4).
   The Shining One disapproves of the use of such an item.
Missiles
 f - 142 stones (quivered)
 h - 73 sling bullets
 m - 57 arrows
 u - 17 bolts
 E - 11 arrows of frost
Armour
 b - a +0 pair of gloves (worn)
 c - a +0 shield (worn)
 g - a +0 cloak (worn)
 t - a +0 hat (worn)
 D - a +0 chain mail (worn)
 G - a +2 pair of boots (worn)
Magical staves
 I - an uncursed staff of fire
Scrolls
 l - 3 scrolls of remove curse {unknown}
 p - 4 scrolls of identify {unknown}
 q - 2 scrolls of teleportation {unknown}
 v - a scroll of noise {unknown}
 x - a scroll of fear {unknown}
 y - a scroll of fog {unknown}
 B - 2 scrolls of enchant armour {unknown}
Potions
 d - 4 potions of might
 i - 2 potions of brilliance {unknown}
 k - a potion of curing {unknown}
 o - 2 potions of ambrosia {unknown}
 r - 2 potions of heal wounds {unknown}
 s - a potion of degeneration {unknown}
 w - a potion of lignification {unknown}
 z - a potion of berserk rage {unknown}
 A - 2 potions of flight {unknown}
 H - a potion of resistance {unknown}
Books
 J - a book of Beasts

   Spells                             Type                      Level
   a - Summon Butterflies             Summoning                    1
   b - Call Canine Familiar           Summoning                    3
   c - Summon Ice Beast               Ice/Summoning                4
   d - Summon Mana Viper              Hexes/Summoning              5
   e - Summon Hydra                   Summoning                    7
Comestibles
 e - 2 bread rations


   Skills:
 + Level 5.0 Fighting
 + Level 5.1 Long Blades
 + Level 5.8 Armour
 + Level 3.3 Dodging
 + Level 0.5 Stealth
 + Level 6.9 Shields


You had 3 spell levels left.
You knew the following spells:

 Your Spells              Type           Power        Failure   Level  Hunger
a - Call Canine Familiar  Summ           #.......     100%        3    ####...


Dungeon Overview and Level Annotations

Branches:
Dungeon (6/15)
 Temple: D:4-7

Altars:
Yredelemnul
The Shining One

Shops:
D:6 *


Innate Abilities, Weirdness & Mutations

You reflexively headbutt those who attack you in melee.
You have a pair of horns on your head.


Message History

Memorise Summon Butterflies, consuming 1 spell level and leaving 2?
Your memorisation is interrupted.
You feel sick.
You feel sick.
Found a peridot ring.
You feel sick.
Found a runed brass wand.
You feel sick.
A white imp comes into view.
The white imp shouts, "Fly, thou peeagling shard-borne maggot-pie!"
Found a scroll labeled SIRESS CUTZY and a copper wand.
You feel sick.
You see here a peridot ring.
Your chain mail prevents you from hitting the iguana.
You feel sick. You block the iguana's attack. You block the iguana's attack.
You closely miss the iguana. You block the iguana's attack.
The white imp hits you but does no damage.
You hit the iguana.
The iguana is moderately wounded.
You feel sick. The iguana bites you!
You die...

##.### #. ... . ....#
#######
#.##.#.#####.......
.....#...........
###### .........#######
##..../###.....# #... #
#/.≈≈≈...##...##...≈≈
#.≈≈≈≈≈...........≈≈≈
#?.≈≈≈5@l##...##...≈
##..../###..:..### . #
#######.........#######
.......#...........
##.(####.######.#.#
.... ...# #...# ...
.....# ###.† .. ..(...#
#.# ......# #..


You could see an iguana and a white imp.

Vanquished Creatures
  2 phantoms (D:5)
  An ogre (D:6)
  A giant frog (D:6)
  A scorpion (D:4)
  An orc priest (D:4)
  2 iguanas
  A centaur skeleton (D:4)
  Jessica (D:3)
  Natasha (thrice) (D:2)
  5 worker ants
  A worker ant zombie (D:5)
  3 gnolls (D:4)
  4 adders
  2 oozes
  A worm (D:4)
  A giant gecko (D:1)
  5 orcs
  8 bats
  3 giant cockroaches
  2 goblins
  6 hobgoblins
  3 jackals (D:2)
  3 kobolds
  2 quokkas
  3 giant gecko skeletons
  5 giant newts
  7 rats
77 creatures vanquished.

Notes
Turn   | Place    | Note
--------------------------------------------------------------
     0 | D:1      | Skarn the Minotaur Fighter began the quest for the Orb.
     0 | D:1      | Reached XP level 1. HP: 19/19 MP: 0/0
   103 | D:1      | Reached XP level 2. HP: 24/27 MP: 1/1
   374 | D:1      | Reached skill level 4 in Shields
   443 | D:2      | Noticed Natasha
   450 | D:2      | Reached XP level 3. HP: 25/33 MP: 2/2
   454 | D:2      | Killed Natasha
   678 | D:2      | Noticed Natasha
   685 | D:2      | Killed Natasha
   685 | D:2      | Reached XP level 4. HP: 38/40 MP: 3/3
   720 | D:2      | Noticed Natasha
   728 | D:2      | Killed Natasha
  1120 | D:3      | Noticed Jessica
  1124 | D:3      | Killed Jessica
  1124 | D:3      | Reached skill level 1 in Dodging
  1182 | D:3      | Found a glowing golden altar of the Shining One.
  1187 | D:3      | Became a worshipper of the Shining One
  1359 | D:4      | Reached XP level 5. HP: 46/46 MP: 4/4
  1377 | D:4      | Reached skill level 5 in Shields
  1419 | D:4      | Found a glowing golden altar of the Shining One.
  1421 | D:4      | Noticed an angel
  1436 | D:4      | Found a basalt altar of Yredelemnul.
  1438 | D:4      | Noticed a profane servitor
  1674 | D:4      | Reached XP level 6. HP: 35/52 MP: 5/5
  1723 | D:5      | Entered Level 5 of the Dungeon
  1819 | D:5      | Acquired the Shining One's first power
  1872 | D:5      | Reached skill level 5 in Armour
  2018 | D:5      | Reached skill level 6 in Shields
  2136 | D:5      | Found a basalt altar of Yredelemnul.
  2187 | D:5      | Reached XP level 7. HP: 53/60 MP: 6/6
  2230 | D:5      | Learned a level 3 spell: Call Canine Familiar
  2274 | D:6      | Reached skill level 5 in Fighting
  2296 | D:6      | Found Maoxedgh's Assorted Antiques.
  2299 | D:6      | Bought a shimmering rapier for 180 gold pieces
  2299 | D:6      | Identified the +4 rapier "Serym" {drain, Str-2 Int+2 Dex+4} (You bought it in a shop on level 6 of the Dungeon)
  2330 | D:6      | Reached skill level 5 in Long Blades
  2367 | D:6      | Slain by an iguana

Vault maps used:
D:1:      dpeg_arrival_round_c, kennysheep_doodads
D:2:      kennysheep_goblin_castle, uniq_natasha, uniq_robin
D:3:      first_bread, nicolae_tso_swordbearing_angel, uniq_jessica
D:4:      grunt_temple_overflow_holy_war, lemuel_blue_sif_altar
D:5:      minmay_temple_entry_enclosed_plants, basic_altar, minmay_crystal_room,
          minmay_curled_crystal
D:6:      serial_shops, kennysheep_mini, minmay_fire_ice_demons, uniq_pikel,
          uniq_menkaure

Action                   |  1- 3 |  4- 6 |  7- 9 || total
-------------------------+-------+-------+-------++-------
Melee: Long sword        |    64 |   161 |    23 ||   248
Throw: Stone             |       |     2 |     1 ||     3
  Eat: Bread ration      |       |     1 |       ||     1
